 Dungeon Crawl Stone Soup version 0.30.1-4-g462c640d31 (webtiles) character file.

Game seed: 14215312990824365444

3787 Demigod47 the Cleaver (level 9, -4/78 (79) HPs)
             Began as a Minotaur Fighter on Aug 22, 2023.
             Was a Believer of Okawaru.
             Slain by an ice devil (14 damage)
             ... summoned by a kobold demonologist
             ... on level 7 of the Dungeon.
             The game lasted 00:17:18 (6813 turns).

Demigod47 the Cleaver (Minotaur Fighter)            Turns: 6813, Time: 00:17:19

HP:   -4/78 (79)    AC: 15    Str: 24    XL:     9   Next: 95%
MP:   8/8           EV:  7    Int:  5    God:    Okawaru [**....]
Gold: 201           SH:  5    Dex: 11    Spells: 8/8 levels left

rFire   . . .        D - +5 mace
rCold   . . .        c - +0 buckler
rNeg    . . .        f - +0 plate armour
rPois   .            (helmet restricted)
rElec   .            (no cloak)
rCorr   +            m - +0 pair of gloves
SInv    +            (no boots)
Will    .....        t - amulet of the acrobat Stlth
                     i - ring of see invisible
HPRegen 0.33/turn    r - ring of resist corrosion
MPRegen 0.11/turn

%: acrobat, clarity
@: lightly drained
A: horns 2, retaliatory headbutt, hooves 1, clarity, mutation resistance 1
a: Renounce Religion, Heroism


You were on level 7 of the Dungeon.
You worshipped Okawaru.
Okawaru was pleased with you.
You visited 2 branches of the dungeon, and saw 9 of its levels.

You collected 400 gold pieces.
You spent 199 gold pieces at shops.

Inventory:

Hand Weapons
 a - a +1 war axe
 A - a +5 vampiric dire flail
 D - a +5 mace (weapon)
Armour
 b - a +0 scale mail
 c - a +0 buckler (worn)
 f - a +0 plate armour (worn)
 m - a +0 pair of gloves (worn)
Magical Staves
 l - a staff of poison
Jewellery
 i - a ring of see invisible (left hand)
 j - a ring of magical power
 o - an amulet of magic regeneration
 r - a ring of resist corrosion (right hand)
 t - an amulet of the acrobat (around neck)
 v - a ring of protection from fire
Wands
 k - a wand of mindburst (13)
 x - a wand of polymorph (9)
 z - a wand of roots (6)
Scrolls
 g - 4 scrolls of teleportation
 h - a scroll of torment {unknown}
 n - 2 scrolls of fear
 p - a scroll of butterflies
 q - 2 scrolls of immolation
 y - 2 scrolls of amnesia
 B - a scroll of enchant weapon
 E - a scroll of poison {unknown}
 G - a scroll of identify
Potions
 d - a potion of attraction {unknown}
 e - 4 potions of resistance
 s - a potion of cancellation
 u - a potion of ambrosia
 w - 3 potions of curing
 C - a potion of haste
 F - a potion of brilliance {unknown}


   Skills:
 + Level 7.4 Fighting
 + Level 10.4(11.0) Axes
 + Level 5.5(8.7) Maces & Flails
 + Level 9.4 Armour
 + Level 1.5 Dodging
 + Level 0.3 Stealth
 + Level 7.0 Shields


You had 8 spell levels left.
You didn't know any spells.
Your spell library contained the following spells:

 Spells                   Type           Power      Damage    Failure   Level
 Blink                    Tloc           0%         N/A       100%        2
 Cigotuvi's Dreadful Rot  Necr/Pois/Air  0%         N/A       100%        2
 Lesser Beckoning         Tloc           0%         N/A       100%        2
 Momentum Strike          Conj/Tloc      0%         3d8       100%        2
 Static Discharge         Conj/Air       0%         2-2/arc   100%        2
 Frozen Ramparts          Ice            0%         1d1       100%        3
 Airstrike                Air            0%         2d(0-16)  100%        4
 Dispel Undead            Necr           0%         3d6       100%        4
 Ice Form                 Ice/Tmut       0%         N/A       100%        4
 Summon Ice Beast         Ice/Summ       Unusable   N/A       N/A         4
 Summon Lightning Spire   Summ/Air       Unusable   N/A       N/A         4
 Death Channel            Necr           Unusable   N/A       N/A         6

Dungeon Overview and Level Annotations

Branches:
Dungeon (8/15)             Temple (1/1) D:6
   Lair: D:8-11

Altars:
Ashenzari
Cheibriados
Dithmenos
Elyvilon
Fedhas
Gozag
Kikubaaqudgha
Nemelex Xobeh
Okawaru
Qazlal
Ru
Sif Muna
Trog
Uskayaw
Wu Jian
Xom
Yredelemnul
The Shining One

Shops:
D:1 !   D:5 [

Annotations:
D:6 2 runed translucent doors, jaiteiro's ghost, novice SpCj


Innate Abilities, Weirdness & Mutations

You have a pair of horns on your head.
You reflexively headbutt those who attack you in melee.
You have large cloven feet.
You possess an exceptional clarity of mind.
You are somewhat resistant to further mutation.


Message History

The ufetubus barely misses you.
The kobold demonologist gestures wildly while chanting.
The crimson imp misses you. The ufetubus misses you.
The ufetubus barely misses you.
The kobold demonologist looks satisfied for a moment.
You block the ice devil's attack.
The crimson imp blinks!
The ice devil misses you.
The kobold demonologist casts a spell.
You see here a +0 plate armour.
You thump the ufetubus!
You kill the ufetubus!
The ufetubus disappears in a puff of smoke!
The ice devil hits you. The ice devil freezes you!!
The kobold demonologist gestures wildly while chanting.
You closely miss the ufetubus. Your kick misses the ufetubus.
You headbutt the ufetubus!
You kill the ufetubus!
The ufetubus disappears in a puff of smoke!
The shadow imp disappears in a puff of smoke!
The ice devil hits you but does no damage.
You sock the hellwing!
The hellwing is lightly wounded.
You block the hellwing's attack. x2; The ice devil hits you.
The ice devil freezes you!
The shadow imp summons a swarm of flies.
The kobold demonologist begins to cast a cantrip, but forgets the words!
You hit the soul eater.
You kick the soul eater, but do no damage.
The soul eater is lightly wounded.
You block the ice devil's attack.
You thump the soul eater!
The soul eater is moderately wounded.
The soul eater hits you.
You feel drained. The ice devil hits you! The ice devil freezes you!
* * * LOW HITPOINT WARNING * * *
The kobold demonologist mumbles some strange words.
The ice devil attacks as you move away! The ice devil hits you.
* * * LOW HITPOINT WARNING * * *
The ice devil freezes you!
You die...

..##.###...........#..#.#
#.
########............<...#
#.
..........#.........#...#
#.
#######.....#######.....#
#. # ##...##.5.55##..#.#
#. ##.## #.55.##...# #.
###. #K4# ##..########.
#..###43# .#...........
.#....!#@###.#...########
#.....###....#...#
#.###.#.....#...#
#..##..###..#...##
#..#..##..##....##
#....#..##.....># #
##.....##..#.#### #######
###)###.....# #.....##
##..#..##....#


You could see a soul eater (summoned), a hellwing (summoned), an ice devil
(summoned), a kobold demonologist, an iron imp (summoned, expiring), a crimson
imp (summoned), a shadow imp (summoned) and 2 ufetubi.

Vanquished Creatures
  The ghost of YordlordTheGreat the Cleaver, a novice MiBe of Trog (D:5)
  Maggie (D:7)
  A troll (D:7)
  A wyvern (D:4)
  A steam dragon (D:6)
  Menkaure (D:7)
  2 water moccasins
  3 ice beasts (D:7)
  An orc warrior (D:7)
  4 ogres
  2 centaurs (D:7)
  A phantom (D:5)
  A bullfrog (D:7)
  3 scorpions
  6 wights (D:7)
  2 jellies
  2 howler monkeys
  3 orc priests
  5 hounds
  A sleepcap (D:5)
  2 gnoll boudas (D:7)
  An iguana (D:5)
  4 orc wizards
  Natasha (twice) (D:2)
  Terence (D:2)
  3 adders
  4 gnolls (D:6)
  A white imp (D:4)
  2 ufetubi
  4 worms
  5 dart slugs
  23 orcs
  13 endoplasms
  4 giant cockroaches
  5 goblins
  8 hobgoblins
  3 jackals (D:2)
  5 quokkas
  5 ball pythons
  6 bats
  5 frilled lizards
  8 kobolds
  6 rats
162 creatures vanquished.

Notes
Turn   | Place    | Note
-------+----------+-------------------------------------------
     0 | D:1      | Demigod47 the Minotaur Fighter began the quest for the Orb.
     0 | D:1      | Reached XP level 1. HP: 19/19 MP: 0/0
   175 | D:1      | Reached XP level 2. HP: 27/27 MP: 1/1
   534 | D:1      | Reached XP level 3. HP: 33/33 MP: 2/2
   606 | D:1      | Found Qaginnuu's Distillery.
   884 | D:2      | Reached skill level 3 in Axes
   928 | D:2      | Noticed Terence
   948 | D:2      | Killed Terence
   949 | D:2      | Reached XP level 4. HP: 31/41 MP: 3/3
  1128 | D:2      | Noticed Natasha
  1135 | D:2      | Killed Natasha
  1538 | D:2      | Noticed Natasha
  1544 | D:2      | Killed Natasha
  1545 | D:2      | Reached skill level 4 in Axes
  1545 | D:2      | Reached XP level 5. HP: 47/47 MP: 4/4
  1726 | D:1      | Bought a potion of mutation for 96 gold pieces
  1729 | D:1      | Gained mutation: You possess an exceptional clarity of
                  | mind. [potion of mutation]
  1729 | D:1      | Gained mutation: Your system is resistant to poisons.
                  | (rPois) [potion of mutation]
  1729 | D:1      | Gained mutation: Your magical capacity is low. (-10% MP)
                  | [potion of mutation]
  1795 | D:3      | Found a faded altar of an unknown god.
  1918 | D:3      | Found a white marble altar of Elyvilon.
  1935 | D:3      | Found an opulent altar of Gozag.
  2141 | D:3      | Lost mutation: You possess an exceptional clarity of mind.
                  | [potion of mutation]
  2141 | D:3      | Lost mutation: Your magical capacity is low. (-10% MP)
                  | [potion of mutation]
  2141 | D:3      | Lost mutation: Your system is resistant to poisons. (rPois)
                  | [potion of mutation]
  2141 | D:3      | Gained mutation: You are somewhat resistant to further
                  | mutation. [potion of mutation]
  2141 | D:3      | Gained mutation: You possess an exceptional clarity of
                  | mind. [potion of mutation]
  2141 | D:3      | Gained mutation: You have large cloven feet. [potion of
                  | mutation]
  2639 | D:4      | Reached skill level 5 in Shields
  2861 | D:4      | Reached skill level 5 in Axes
  3053 | D:4      | Noticed a wyvern
  3062 | D:4      | Killed a wyvern
  3063 | D:4      | Reached skill level 5 in Armour
  3063 | D:4      | Reached XP level 6. HP: 20/55 MP: 5/5
  3594 | D:5      | Entered Level 5 of the Dungeon
  3619 | D:5      | Reached skill level 6 in Axes
  3644 | D:5      | Found Yzecseoj's Antique Armour Shop.
  3657 | D:5      | Reached skill level 5 in Fighting
  3657 | D:5      | Reached XP level 7. HP: 25/61 MP: 6/6
  3810 | D:5      | Bought a pair of gloves for 103 gold pieces
  4084 | D:5      | Identified the +0 leather armour of Biolucienu {Stlth+}
  4236 | D:5      | Found a transporter.
  4239 | D:5      | Noticed YordlordTheGreat's ghost (novice MiBe)
  4241 | D:5      | Found a transporter.
  4249 | D:5      | Reached skill level 7 in Axes
  4252 | D:5      | Reached XP level 8. HP: 57/69 MP: 7/7
  4268 | D:5      | Killed YordlordTheGreat's ghost
  4269 | D:5      | Reached skill level 8 in Axes
  4764 | D:6      | Reached skill level 9 in Axes
  4764 | D:6      | Reached skill level 1 in Dodging
  4795 | D:6      | Found a staircase to the Ecumenical Temple.
  4919 | Temple   | Entered the Ecumenical Temple
  4947 | Temple   | Became a worshipper of Warmaster Okawaru
  5039 | D:6      | Found a runed translucent door.
  5041 | D:6      | Noticed jaiteiro's ghost (novice SpCj)
  5450 | D:6      | Found a runed translucent door.
  5631 | D:7      | Noticed Maggie
  5642 | D:7      | Killed Maggie
  5643 | D:7      | Reached XP level 9. HP: 47/78 MP: 8/8
  5740 | D:7      | Found an iron altar of Okawaru.
  5757 | D:7      | Reached skill level 10 in Axes
  5954 | D:7      | Noticed Menkaure
  5986 | D:7      | Killed Menkaure
  6114 | D:7      | Reached skill level 1 in Maces & Flails
  6515 | D:7      | Found a sparkling altar of Nemelex Xobeh.
  6574 | D:7      | Reached * piety under Okawaru
  6733 | D:7      | Noticed a troll
  6747 | D:7      | Killed a troll
  6747 | D:7      | Reached ** piety under Okawaru
  6748 | D:7      | Reached skill level 5 in Maces & Flails
  6773 | D:7      | Noticed a kobold demonologist
  6805 | D:7      | Noticed a hellwing
  6806 | D:7      | Noticed an ice devil
  6808 | D:7      | Noticed a soul eater
  6813 | D:7      | Slain by an ice devil

Illustrated notes

Levels and vault maps discovered:
D:1:      wheals_arrival_shading, layout_basic, serial_shops,
          nicolae_shop_tiny_real_fake_doors, minivault_4, minmay_tetromino_s2
D:2:      layout_loops_cross, minmay_quantized, uniq_natasha, uniq_terence
D:3:      layout_loops_ring, mainiacjoe_overflow_large_starburst,
          nicolae_ecumenical_pavilion, minmay_tree_intersection
D:4:      layout_loops_corners, minmay_misc_feat_rugged
D:5:      layout_basic, gammafunk_ghost_smash, serial_shops, shop
D:6:      nicolae_cairo_tiling_large, layout_loops_cross,
          minmay_temple_entry_large_hall, ebering_ghost_sewer_f,
          hangedman_decor_opposing
D:7:      minmay_the_grid_octo_2x2 [minmay_the_grid_octo_vomiting_pacman,
          minmay_the_grid_octo_fat_diamond, minmay_the_grid_octo_pinwheel,
          minmay_the_grid_octo_prize_big_c], layout_basic,
          nicolae_ossuary_entry_monument, serial_park_tiny_pond,
          lemuel_flame_loot_1, uniq_maggie, uniq_menkaure
D:8:      layout_rooms
Temple:   compressed_dpeg_triangle_lava_temple

Skill      XL: |  1  2  3  4  5  6  7  8  9 |
---------------+----------------------------+-----
Shields        | 4 5 6 7 |  7.0
Fighting       | 4 5 6 7 |  7.4
Armour         | 4 5 6 8 9 |  9.4
Axes           | 3 4 5 6 7 9 10 | 10.4
Dodging        | 1 |  1.5
Maces & Flails | 5 |  5.5
Stealth        | |  0.3

Action                     |  1- 3 |  4- 6 |  7- 9 || total
---------------------------+-------+-------+-------++-------
  Melee: War axe           |    71 |   148 |    93 ||   312
         Headbutt          |    13 |    21 |    38 ||    72
         Kick              |       |    14 |    50 ||    64
         Mace              |       |       |    88 ||    88
    Use: Potion            |       |     6 |     8 ||    14
         Scroll            |       |     6 |     2 ||     8
   Stab: Distracted        |       |       |     1 ||     1
 Armour: Plate armour      |    50 |   107 |   102 ||   259
         Scale mail        |     1 |       |       ||     1
  Dodge: Dodged            |    24 |    60 |   111 ||   195
  Block: Buckler           |    14 |    30 |    50 ||    94
